 Dungeon Crawl Stone Soup version 0.30-a0-883-g5ad918d77d (webtiles) character file.

Game seed: 12126977656922909097

498 BigDaddyOpFi the Covered (level 6, 0/82 HPs)
             Began as an Armataur Fighter on Mar 17, 2023.
             Succumbed to an orc's poison
             ... on level 5 of the Dungeon.
             The game lasted 00:04:35 (4055 turns).

BigDaddyOpFi the Covered (Armataur Fighter)         Turns: 4055, Time: 00:04:36

Health: 0/82       AC: 27    Str: 24    XL:     6   Next: 94%
Magic:  2/6        EV:  1    Int:  8    God:
Gold:   133        SH:  0    Dex:  9    Spells: 5/5 levels left

rFire   . . .      SeeInvis .    a - +0 war axe
rCold   . . .      Faith    .    c - +0 buckler
rNeg    . . .      Spirit   +    p - melded +0 plate armour
rPois   +          Reflect  .    (helmet currently unavailable)
rElec   .          Roll     +    k - melded +0 cloak
rCorr   .          NoTele   +    u - melded +0 pair of gloves
Will    .....                    (no barding)
Stlth   +                        l - amulet of guardian spirit
HPRegen 0.33/turn                b - ring of flight
MPRegen 0.10/turn                B - +4 ring of protection

@: confused, lethally poisoned (0 -> -25), tree-form
A: stationary, stasis, torment immunity, boosted hp, large, rugged brown scales
3, (deformed body), (armoured tail), roll, long tongue, awkward tongue
a: no special abilities


You were on level 5 of the Dungeon.
You were a tree.
You visited 1 branch of the dungeon, and saw 6 of its levels.

You collected 133 gold pieces.

Inventory:

Hand Weapons
 a - a +0 war axe (weapon)
Armour
 c - a +0 buckler (worn)
 k - a +0 cloak (melded)
 p - a +0 plate armour (melded)
 u - a +0 pair of gloves (melded)
Jewellery
 b - a ring of flight (left branch)
 l - an amulet of guardian spirit (around neck)
 A - a ring of protection from cold
 B - a +4 ring of protection (right branch)
Wands
 j - a wand of paralysis (5)
Scrolls
 f - a scroll of poison {unknown}
 g - a scroll of amnesia {unknown}
 h - 3 scrolls of teleportation
 o - a scroll of immolation {unknown}
 s - 2 scrolls of identify {unknown}
 v - a scroll of enchant armour {unknown}
 w - 2 scrolls of brand weapon {unknown}
 y - a scroll of fog {unknown}
Potions
 e - a potion of heal wounds {unknown}
 m - a potion of cancellation {unknown}
 n - a potion of berserk rage {unknown}
 r - a potion of ambrosia {unknown}
 t - a potion of mutation {unknown}
 x - 2 potions of flight {unknown}
 z - 2 potions of degeneration {unknown}


   Skills:
 + Level 4.2 Fighting
 + Level 3.3 Axes
 + Level 5.7 Armour
 + Level 5.1 Shields


You had 5 spell levels left.
You didn't know any spells.
Your spell library contained the following spells:

 Spells                   Type           Power      Damage    Failure   Level
 Call Canine Familiar     Summ           0%         N/A       83%         3
 Portal Projectile        Hex/Tloc       0%         N/A       83%         3
 Leda's Liquefaction      Hex/Erth       0%         N/A       99%         4


Dungeon Overview and Level Annotations

Branches:
Dungeon (6/15)
 Temple: D:4-7

Altars:
Trog
The Shining One

Shops:
D:3 =

Annotations:
D:6 Dowan, Duvessa


Innate Abilities, Weirdness & Mutations

You are a tree.
Your roots penetrate the ground, keeping you stationary.
You cannot be teleported.
You are immune to unholy pain and torment.
Your maximum health is greatly increased.
Your equipment is partially melded.
(You are completely covered in rugged brown scales. (AC +3, +7% HP))
((Armour fits poorly on your strangely shaped body.))
((You have a long armoured tail.))
You roll when moving toward enemies. (Rampage)
Your long tongue fully drains potion bottles. (2x potion effects)
Your tongue gives you trouble enunciating. (1.5x scroll delay)


Message History

You miss the orc wizard. You barely miss the orc. You closely miss the orc.
You hit the orc.
You kill the orc!
The orc dissolves into shadows! x4; The worm dissolves into shadows!
The orc dissolves into shadows! x4; The orc wizard dissolves into shadows!
You hit something. You miss the orc.
You feel sick.
You hear some strange, mumbled words.
You are more confused.
The phantom hits you but does no damage.
The orc hits you with a +2 whip of venom.
You are more poisoned.
You feel very sick. Something hits you but does no damage.
The orc hits you but does no damage.
You are lethally poisoned!
You miss the phantom.
The phantom is almost destroyed.
You completely miss something. You miss the orc. You slash the orc!
You kill the orc!
* * * LOW HITPOINT WARNING * * *
You feel very sick.
The orc hits you with a +2 whip of venom.
* * * LOW HITPOINT WARNING * * *
You are more poisoned.
Something hits you but does no damage.
The phantom hits you but does no damage.
Something hits you.
* * * LOW HITPOINT WARNING * * *
The orc hits you with a +2 whip of venom.
* * * LOW HITPOINT WARNING * * *
The phantom hits you but does no damage.
Unknown command.
Really quaff the potion of lignification? [Y]es or [N]o only, please.
Really quaff the potion of lignification?
You slurp down every last drop of the potion of lignification!
You turn into a tree.
Your +0 cloak melds into your body.
Your +0 pair of gloves melds into your body.
Your +0 plate armour melds into your body.
Your roots penetrate the ground.
You die...

. .. .. .# ..####) .
....... . '
..........#. .
⌠.........## .#
..##...)..##.####
###..##...o♣).....#
#..?......W){......
.#..........)......(
....................
#..<....#.......
#...............
#######........##.....
......(>..............
#######...............


You could see a phantom and an orc.

Vanquished Creatures
  A water moccasin (D:5)
  A scorpion (D:4)
  A howler monkey (D:5)
  A hound (D:4)
  A sleepcap (D:4)
  7 adders
  4 gnolls (D:5)
  A white imp (D:5)
  3 ufetubi
  5 worms
  8 orcs
  4 ball pythons
  9 endoplasms
  3 giant cockroaches (D:1)
  5 goblins
  8 hobgoblins
  11 kobolds
  3 quokkas
  7 bats
  3 frilled lizards
  9 rats
95 creatures vanquished.

Vanquished Creatures (others)
  28 plants
28 creatures vanquished.

Grand Total: 123 creatures vanquished

Notes
Turn   | Place    | Note
-------+----------+-------------------------------------------
     0 | D:1      | BigDaddyOpFi the Armataur Fighter began the quest for the
                  | Orb.
     0 | D:1      | Reached XP level 1. HP: 19/19 MP: 1/1
    77 | D:1      | Reached XP level 2. HP: 26/26 MP: 2/2
   453 | D:1      | Found a faded altar of an unknown god.
   546 | D:1      | Reached XP level 3. HP: 33/33 MP: 3/3
  1053 | D:2      | You fall into a shaft and drop 2 floors!
  1370 | D:4      | Noticed a scorpion
  1381 | D:4      | Killed a scorpion
  1382 | D:4      | Reached XP level 4. HP: 9/40 MP: 4/4
  1679 | D:4      | Reached XP level 5. HP: 43/48 MP: 5/5
  2175 | D:4      | Found a bloodstained altar of Trog.
  2436 | D:5      | Entered Level 5 of the Dungeon
  2436 | D:5      | Noticed a phantom
  2436 | D:5      | Noticed a black bear
  2532 | D:3      | Found Woypsuydo's Jewellery Shop.
  2533 | D:3      | Found a glowing golden altar of the Shining One.
  2559 | D:3      | Reached skill level 5 in Armour
  3018 | D:2      | Reached XP level 6. HP: 55/55 MP: 6/6
  3796 | D:5      | Noticed a water moccasin
  3809 | D:5      | Killed a water moccasin
  3810 | D:5      | Reached skill level 5 in Shields
  3903 | D:6      | Noticed Duvessa
  3903 | D:6      | Noticed Dowan
  4055 | D:5      | Succumbed to an orc's poison

Illustrated notes

Levels and vault maps discovered:
D:1:      erik_arrival_orb_chamber, layout_basic,
          hellmonk_ecumenical_altar_defaced_shrine
D:2:      minmay_evil_eye, layout_basic, serial_park_tiny_2, minivault_25,
          serial_bayou_lagoon_a
D:3:      layout_loops_ring, mainiacjoe_overflow_cross_hatched, serial_shops,
          shop
D:4:      layout_loops_corners, bloody_trog, chequers_mini_garden
D:5:      layout_rooms, nicolae_uskayaw_suspiria,
          minmay_temple_entry_junction_2, kennysheep_generic_room_15
D:6:      layout_loops_corners, old_standard_altar, minmay_three_doors,
          uniq_duvessa, uniq_sigmund, uniq_grinder

Skill      XL: |  1  2  3  4  5  6 |
---------------+-------------------+-----
Armour         | 4 5 |  5.7
Fighting       | 3 4 |  4.2
Axes           | 2 3 |  3.3
Shields        | 4 5 |  5.1

Action                     |  1- 3 |  4- 6 || total
---------------------------+-------+-------++-------
  Melee: War axe           |   105 |   201 ||   306
         Tailslap          |    15 |    28 ||    43
    Use: Scroll            |     3 |     1 ||     4
         Potion            |     1 |     5 ||     6
 Armour: Scale mail        |    77 |    24 ||   101
         Plate armour      |       |   153 ||   153
         Skin              |       |     3 ||     3
  Dodge: Dodged            |    44 |    75 ||   119
  Block: Buckler           |    25 |    65 ||    90

Table legend: (Time is in decaauts)
 A = Elapsed time spent in this place.
 B = Non-inter-level travel time spent in this place.
 C = Inter-level travel time spent in this place.
 D = Time resting spent in this place.
 E = Time spent auto-exploring this place.
 F = Levels seen in this place.
 G = Mean time per level.
                   A        B        C        D        E       F      G
               +--------+--------+--------+--------+--------+-----+--------+
         Total |   4180 |   3894 |    286 |    420 |   2621 |   6 |  696.7 |
       Dungeon |   4180 |   3894 |    286 |    420 |   2621 |   6 |  696.7 |
               +--------+--------+--------+--------+--------+-----+--------+

Top non-repeatable levels by time:
     D:4: 1480 daAuts
     D:1: 980 daAuts
     D:3: 697 daAuts
     D:2: 671 daAuts
     D:5: 229 daAuts
     D:6: 120 daAuts
